AoeStats
← mryendl2410

Black Forest

509091891Analyzed
4v4 RM · 8d ago on Sep 25, 2026· 46m 4s· 8 players
Game mode
Random Map
Map size
Large (8 player)
Population
200
Speed
Normal
Resources
Standard
Victory
Conquest
Starting age
Dark Age
Ending age
Imperial Age
RankedLock teamsTeams togetherTeam positionsShared explorationLock speedFull tech treeHidden civsTurbo modeCheats
Victory
Defeat
🇩🇪 Danes · Germany
1577
+11
🇹🇼 Spanish · Taiwan
1553
+12
🇭🇰 Celts · Hong Kong SAR China
1515
+13
🇨🇭 Britons · Switzerland
1497
+14
🇲🇽 Varangians · Mexico
1613
-20
🇻🇳 Ethiopians · Vietnam
1426
-11
🇨🇳 Georgians · China
1419
-11
🇻🇳 Lithuanians · Vietnam
1346
-8
菜就怪隊友
0:38 Loom
11:02 Feudal Age
17:21 Castle Age
15:37 Double-Bit Axe
16:07 Horse Collar
16:34 Fletching
18:04 Bodkin Arrow
23:34 Padded Archer Armor
24:54 Leather Archer Armor
26:36 Wheelbarrow
28:02 Bow Saw
28:32 Heavy Plow
29:08 Gold Mining
29:39 Town Watch
35:45 Imperial Age
34:15 Bloodlines
34:22 Stone Mining
34:59 Forging
35:25 Scale Barding Armor
36:27 Iron Casting
36:54 Chain Barding Armor
36:36 Cavalier
39:06 Blast Furnace
38:26 Husbandry
39:04 Conscription
39:43 Plate Barding Armor
43:42 Light Cavalry
45:52 Hand Cart
软脚虾3号
10:53 Feudal Age
11:43 Double-Bit Axe
14:35 Castle Age
12:49 Horse Collar
15:26 Bow Saw
19:53 Heavy Plow
22:44 Wheelbarrow
23:49 Gold Mining
23:49 Stone Mining
27:46 Imperial Age
25:05 Loom
25:05 Town Watch
26:09 Hand Cart
26:44 Gold Shaft Mining
26:18 Fletching
26:28 Padded Archer Armor
26:52 Ballistics
27:15 Bodkin Arrow
27:10 Hamask
28:08 Leather Archer Armor
28:26 Bloodlines
28:17 Husbandry
28:29 Thumb Ring
28:54 Conscription
29:07 Bracer
30:24 Chemistry
29:56 Ring Archer Armor
29:16 Cranequins
30:39 Heavy Mounted Crossbowman
31:22 Scale Mail Armor
31:32 Forging
32:05 Squires
31:50 Arson
31:57 Elite Jomsviking
33:16 Chain Mail Armor
33:11 Forging
33:24 Siege Engineers
34:31 Plate Mail Armor
34:41 Hoardings
34:52 Masonry
35:24 Iron Casting
35:17 Northmen's Fury
39:14 Blast Furnace
39:18 Onager
42:05 Caravan
pray4u
11:28 Feudal Age
15:33 Castle Age
13:53 Double-Bit Axe
14:17 Horse Collar
18:48 Bow Saw
22:40 Wheelbarrow
24:00 Gold Mining
25:02 Hand Cart
24:32 Town Watch
29:04 Imperial Age
26:45 Stone Mining
27:03 Heavy Plow
26:52 Loom
28:20 Scale Mail Armor
29:38 Chain Mail Armor
29:11 Arson
29:10 Pikeman
29:12 Onager
29:57 Halberdier
30:39 Siege Onager
31:32 Halberdier
32:24 Forging
33:26 Furor Celtica
33:36 Conscription
34:02 Plate Mail Armor
34:08 Iron Casting
34:15 Iron Casting
35:57 Town Patrol
36:58 Blast Furnace
36:38 Siege Engineers
37:38 Caravan
37:49 Guilds
38:09 Coinage
38:40 Capped Ram
40:29 Siege Ram
41:48 Banking
koebi
0:45 Loom
13:19 Feudal Age
13:37 Man-at-Arms
14:11 Double-Bit Axe
14:06 Horse Collar
16:22 Fletching
20:31 Wheelbarrow
24:58 Castle Age
24:52 Town Watch
26:28 Bow Saw
26:18 Heavy Plow
26:22 Stone Mining
27:56 Gold Mining
32:10 Fortified Wall
35:52 Imperial Age
34:09 Bodkin Arrow
34:36 Ballistics
34:43 Hand Cart
35:06 Gold Shaft Mining
35:09 Padded Archer Armor
34:53 Treadmill Crane
36:53 Bracer
38:01 Chemistry
37:45 Conscription
37:59 Caravan
38:29 Warwolf
39:14 Leather Archer Armor
38:24 Elite Longbowman
41:00 Guilds
42:04 Siege Engineers
42:11 Masonry
43:09 Yeomen
46:39 Ring Archer Armor
Lolokoil
0:42 Loom
0:53 Loom
14:21 Feudal Age
16:31 Fletching
17:35 Double-Bit Axe
19:13 Horse Collar
25:32 Castle Age
25:29 Gold Mining
27:28 Bow Saw
30:12 Bow Saw
33:33 Imperial Age
31:59 Wheelbarrow
32:25 Town Watch
32:42 Bodkin Arrow
33:10 Ballistics
33:46 Padded Archer Armor
34:14 Heavy Plow
34:49 Leather Archer Armor
34:59 Conscription
35:06 Forging
35:14 Bracer
35:55 Bloodlines
35:42 Cranequins
36:59 Leather Archer Armor
38:41 Two-Man Saw
40:13 Ring Archer Armor
39:46 Husbandry
40:16 Caravan
40:43 Hand Cart
41:58 Crop Rotation
42:02 Heavy Mounted Crossbowman
43:10 Onager
43:54 Elite Skirmisher
Boss
10:09 Feudal Age
14:16 Castle Age
12:08 Double-Bit Axe
15:35 Bow Saw
15:46 Loom
21:22 Horse Collar
22:21 Wheelbarrow
22:20 Town Watch
22:31 Stone Mining
22:57 Gold Mining
23:39 Heavy Plow
25:27 Stone Shaft Mining
30:01 Imperial Age
28:36 Stone Shaft Mining
29:13 Hand Cart
29:39 Scale Barding Armor
29:45 Forging
30:22 Svan Towers
30:56 Chain Barding Armor
31:16 Crop Rotation
31:52 Chemistry
30:51 Fletching
31:42 Conscription
31:29 Aznauri Cavalry
32:15 Ballistics
31:39 Treadmill Crane
32:12 Arrowslits
32:26 Murder Holes
33:08 Plate Barding Armor
33:09 Iron Casting
32:29 Bodkin Arrow
32:49 Guard Tower
33:10 Masonry
32:57 Elite Monaspa
33:49 Siege Engineers
35:01 Blast Furnace
35:03 Keep
34:58 Architecture
35:40 Bracer
36:12 Town Patrol
37:06 Caravan
37:17 Guilds
38:33 Coinage
39:44 Banking
41:27 Onager
43:25 Siege Onager
45:29 Hoardings
piecardinap
4:24 Loom
12:15 Feudal Age
13:11 Horse Collar
13:16 Double-Bit Axe
16:01 Castle Age
20:12 Wheelbarrow
22:50 Bow Saw
23:33 Gold Mining
23:33 Stone Mining
25:14 Scale Barding Armor
25:23 Bloodlines
29:10 Imperial Age
30:08 Chain Barding Armor
29:13 Cavalier
32:11 Paladin
34:06 Two-Man Saw
34:30 Plate Barding Armor
34:26 Forging
34:19 Husbandry
35:05 Light Cavalry
36:53 Iron Casting
37:29 Winged Hussar
38:17 Fletching
39:28 Conscription
39:53 Hand Cart
40:26 Stone Shaft Mining
42:49 Heavy Plow
43:14 Bodkin Arrow
mryendl2410
11:25 Feudal Age
15:16 Castle Age
13:54 Double-Bit Axe
14:47 Horse Collar
15:42 Gold Mining
15:26 Crossbowman
16:56 Fletching
20:26 Bodkin Arrow
20:32 Padded Archer Armor
21:25 Bow Saw
22:34 Padded Archer Armor
23:47 Ballistics
23:59 Loom
25:20 Leather Archer Armor
29:43 Imperial Age
30:03 Wheelbarrow
30:29 Thumb Ring
31:33 Chemistry
31:03 Bracer
35:46 Ring Archer Armor
36:37 Arbalester
40:44 Elite Skirmisher
Connection lost

Rejoining the realm…

Still unreachable

The connection could not be restored.

Session expired

The server has moved on; the page needs a fresh start.